 Dungeon Crawl Stone Soup version 0.28.0-43-g3370ac3207 (webtiles) character file.

Game seed: 612637038908553322

775 Zeld the Gusty (level 7, -6/40 HPs)
             Began as a Tengu Air Elementalist on Apr 1, 2022.
             Was an Initiate of Vehumet.
             Mangled by a bullfrog (8 damage)
             ... on level 6 of the Dungeon.
             The game lasted 00:06:06 (6311 turns).

Zeld the Gusty (Tengu Air Elementalist)             Turns: 6311, Time: 00:06:06

Health: -6/40      AC:  2    Str:  9    XL:     7   Next: 84%
Magic:  23/23      EV: 15    Int: 19    God:    Vehumet [......]
Gold:   72         SH:  0    Dex: 14    Spells: 5/15 levels left

rFire   . . .      SeeInvis .   g - +2 war axe "Duocetij" {spect, rPois rCorr Int+2}
rCold   . . .      Faith    .   (no shield)
rNeg    . . .      Spirit   .   a - +0 robe
rPois   +          Reflect  .   (helmet restricted)
rElec   .          Harm     .   (no cloak)
rCorr   +          Rampage  .   (no gloves)
Will    .....                   (boots unavailable)
Stlth   ++........              (no amulet)
HPRegen 0.13/turn               n - ring of magical power
MPRegen 0.18/turn               (no ring)

@: flying quickly and evasively, quick
A: beak, talons 3, nimble flight
a: Renounce Religion


You were on level 6 of the Dungeon.
You worshipped Vehumet.
Vehumet was noncommittal.
You visited 2 branches of the dungeon, and saw 7 of its levels.

You collected 177 gold pieces.
You spent 105 gold pieces at shops.

Inventory:

Hand Weapons
 g - the +2 war axe "Duocetij" (weapon) {spect, rPois rCorr Int+2}
   (You found it on level 3 of the Dungeon)

   When its wielder attacks, the weapon's spirit leaps out and strikes again.
   The spirit shares a part of any damage it takes with its wielder.
   Int:       It affects your intelligence (+2).
   rPois:     It protects you from poison.
   rCorr:     It protects you from acid and corrosion.
Armour
 a - a +0 robe (worn)
Jewellery
 n - a ring of magical power (left hand)
Wands
 i - a wand of iceblast (8)
 r - a wand of mindburst (11)
Scrolls
 b - 2 scrolls of enchant armour {unknown}
 c - 2 scrolls of identify {unknown}
 d - 4 scrolls of noise {unknown}
 j - 2 scrolls of fog {unknown}
 o - a scroll of enchant weapon {unknown}
 q - 3 scrolls of teleportation
Potions
 e - 2 potions of curing {unknown}
 f - a potion of cancellation {unknown}
 h - a potion of degeneration {unknown}
 k - a potion of lignification {unknown}
 l - a potion of magic {unknown}
 m - 3 potions of flight {unknown}
 p - 2 potions of heal wounds {unknown}
 s - a potion of attraction {unknown}


   Skills:
 + Level 2.5 Fighting
 - Level 3.0 Dodging
 - Level 3.0 Stealth
 * Level 4.5 Spellcasting
 + Level 4.3 Conjurations
 * Level 7.5 Air Magic


You had 5 spell levels left.
You knew the following spells:

 Your Spells              Type           Power      Damage    Failure   Level
a - Shock                 Conj/Air       100%       1d9       1%          1
b - Static Discharge      Conj/Air       26%        N/A       1%          2
c - Swiftness             Air            32%        N/A       1%          3
d - Airstrike             Air            16%        N/A       6%          4

Your spell library contained the following spells:

 Spells                   Type           Power      Damage    Failure   Level
 Borgnjor's Revivificati  Necr           2%         N/A       100%        8
 Necromutation            Tmut/Necr      2%         N/A       100%        8
 Death's Door             Necr           2%         N/A       100%        9


Dungeon Overview and Level Annotations

Branches:
Dungeon (6/15)             Temple (1/1) D:4

Altars:
Dithmenos
Elyvilon
Fedhas
Gozag
Hepliaklqana
Kikubaaqudgha
Makhleb
Nemelex Xobeh
Okawaru
Qazlal
Ru
Sif Muna
Trog
Vehumet
Wu Jian
Yredelemnul
Zin

Shops:
D:4 *   D:5 ?(


Innate Abilities, Weirdness & Mutations

You have a beak for a mouth.
You have claws for feet.
Your magical nature lets you fly swiftly and evasively.


Message History

The bullfrog is lightly wounded.
You hit the hornet zombie.
Your +2 war axe "Duocetij" {spect, rPois rCorr Int+2} hits the hornet zombie!
The bullfrog closely misses you. The hornet zombie barely misses you.
The bullfrog completely misses you. The hornet zombie misses you.
The bullfrog misses you.
You barely miss the hornet zombie.
You punch the hornet zombie, but do no damage.
The hornet zombie is heavily damaged.
You hit the bullfrog. The bullfrog closely misses you.
The hornet zombie misses you. The bullfrog hits you.
The hornet zombie misses you.
You closely miss the hornet zombie.
You claw the hornet zombie, but do no damage.
You peck the hornet zombie.
The hornet zombie is heavily damaged.
You closely miss the bullfrog. The bullfrog misses you.
The hornet zombie closely misses you. The bullfrog closely misses you.
The hornet zombie misses you.
You slash the hornet zombie! Your kick misses the hornet zombie.
The hornet zombie is severely damaged.
You closely miss the bullfrog. The bullfrog barely misses you.
The hornet zombie barely misses you. The bullfrog hits you.
Unknown command.
You closely miss the hornet zombie.
You peck the hornet zombie, but do no damage.
The hornet zombie is severely damaged.
You hit the bullfrog. The bullfrog hits you! The hornet zombie misses you.
The bullfrog hits you!
The hornet zombie completely misses you.
The bullfrog hits you.
You are too injured to fight recklessly!
You swap places.
The hornet zombie completely misses you.
The hornet zombie hits you!
* * * LOW HITPOINT WARNING * * *
There is a stone staircase leading up here.
The bullfrog completely misses you. The hornet zombie closely misses you.
The bullfrog hits you!
You die...

#. # #.###
. .....
#.#.#.#
.###.#.#.#
.......#.#
#...ยง.#
####ZF#
#.@# #..#
....#
###.## .#.
.# # . .


You could see a bullfrog and a hornet zombie.

Vanquished Creatures
  A water moccasin (D:5)
  A sky beast (D:5)
  2 black bears (D:4)
  An ogre (D:4)
  A bullfrog zombie (D:5)
  A hound (D:4)
  An iguana (D:4)
  An orc wizard (D:5)
  A hound skeleton (D:4)
  A howler monkey zombie (D:5)
  A howler monkey skeleton (D:5)
  2 gnolls (D:3)
  5 adders
  An adder zombie (D:5)
  2 dart slugs (D:1)
  6 orcs
  8 endoplasms
  6 giant cockroaches
  6 goblins
  5 hobgoblins
  9 jackals
  8 kobolds
  5 quokkas
  10 ball pythons
  A bat (D:1)
  9 frilled lizards
  2 rats
97 creatures vanquished.

Vanquished Creatures (others)
  2 fungi (D:1)
2 creatures vanquished.

Grand Total: 99 creatures vanquished

Notes
Turn   | Place    | Note
-------+----------+-------------------------------------------
     0 | D:1      | Zeld the Tengu Air Elementalist began the quest for the
                  | Orb.
     0 | D:1      | Reached XP level 1. HP: 10/10 MP: 4/4
   180 | D:1      | Reached XP level 2. HP: 15/15 MP: 3/6
   243 | D:1      | Learned a level 2 spell: Static Discharge
   635 | D:1      | Reached XP level 3. HP: 9/19 MP: 0/7
   639 | D:1      | Learned a level 3 spell: Swiftness
  1421 | D:1      | Found a faded altar of an unknown god.
  1863 | D:2      | Reached XP level 4. HP: 24/24 MP: 5/8
  2768 | D:3      | Reached skill level 5 in Air Magic
  2852 | D:3      | Identified the +2 war axe "Duocetij" {spect, rPois rCorr
                  | Int+2}
  3047 | D:3      | Found an iron altar of Okawaru.
  3750 | D:3      | Gained mutation: Your magical nature lets you fly swiftly
                  | and evasively. [Tengu growth]
  3750 | D:3      | Reached XP level 5. HP: 28/28 MP: 10/10
  4089 | D:4      | Found a staircase to the Ecumenical Temple.
  4099 | D:4      | Noticed a black bear
  4270 | D:4      | Learned a level 4 spell: Airstrike
  4282 | Temple   | Entered the Ecumenical Temple
  4301 | Temple   | Became a worshipper of Vehumet
  4510 | D:4      | Identified the +3 long sword of Breach {drain, rC+ Int+2}
  4536 | D:4      | Killed a black bear
  4537 | D:4      | Reached skill level 1 in Fighting
  4537 | D:4      | Reached XP level 6. HP: 34/34 MP: 4/12
  4701 | D:4      | Noticed a black bear
  4708 | D:4      | Killed a black bear
  4709 | D:4      | Reached skill level 6 in Air Magic
  4933 | D:4      | Found Iryharul's Assorted Antiques.
  4939 | D:4      | Bought a scroll labelled DAEJIU HAYSYZI for 24 gold pieces
  4939 | D:4      | Bought a pink potion for 21 gold pieces
  4939 | D:4      | Bought a sedimented cyan potion for 21 gold pieces
  5339 | D:4      | Reached XP level 7. HP: 39/39 MP: 14/14
  5476 | D:5      | Entered Level 5 of the Dungeon
  5487 | D:5      | Found Hooshume's Magic Scroll Emporium.
  5506 | D:5      | Bought a scroll of teleportation for 39 gold pieces
  5605 | D:5      | Found Ridonato's Antique Weapon Shop.
  5696 | D:5      | Reached skill level 7 in Air Magic
  6309 | D:6      | HP: 2/40 [hornet zombie (12)]
  6311 | D:6      | Mangled by a bullfrog

Illustrated notes

Levels and vault maps discovered:
D:1:      lightli_arrival_chessboard, layout_basic,
          shapermc_ecumenical_altar_hornbeckon, hex_tiny
D:2:      layout_basic, st_stairs_6, hex_large
D:3:      layout_loops_ring, okawaru_altar_gauntlet_db, roderic_lattice_a,
          hangedman_decor_diamond_cutter, minmay_misc_feat_secret_circle
D:4:      minmay_general_purpose_star, layout_loops_ring,
          minmay_temple_entry_waves, serial_shops, nicolae_stop_n_shop_2,
          kennysheep_generic_room_12
D:5:      layout_rooms, serial_shops, nicolae_shop_hallway_plus,
          nicolae_diamond_shop
D:6:      layout_loops_corners
Temple:   eino_temple_scatter_basement

Skill      XL: |  1  2  3  4  5  6  7 |
---------------+----------------------+-----
Conjurations   | 2 3 4 |  4.3
Air Magic      | 5 6 7 |  7.5
Dodging        | 3 |  3.0
Spellcasting   | 3 4 |  4.5
Fighting       | 1 2 |  2.5
Stealth        | 3 |  3.0

Action                   |  1- 3 |  4- 6 |  7- 9 || total
-------------------------+-------+-------+-------++-------
Melee: War axe           |       |    52 |    31 ||    83
       Kick              |       |    11 |    10 ||    21
       Peck              |       |     2 |     8 ||    10
       Punch             |       |       |     1 ||     1
 Cast: Shock             |    76 |    29 |       ||   105
 Stab: Sleeping          |       |     8 |       ||     8
Armor: Robe              |     3 |     4 |     2 ||     9
Dodge: Dodged            |    24 |    31 |    36 ||    91
